 Dungeon Crawl Stone Soup version 0.27-a0-1193-g8631133539 (webtiles) character file.

Game seed: 6914676230336425292

53 coolguy69 the Cutter (level 3, 0/20 HPs)
             Began as a Vine Stalker Monk on May 26, 2021.
             Slain by a black bear (2 damage)
             ... on level 3 of the Dungeon.
             The game lasted 00:01:28 (2400 turns).

coolguy69 the Cutter (Vine Stalker Monk)            Turns: 2400, Time: 00:01:28

Health: 0/20       AC:  2    Str: 14    XL:     3   Next: 87%
Magic:  0/4        EV: 13    Int: 10    God:
Gold:   104        SH:  0    Dex: 16    Spells: 2/2 levels left

rFire    . . .     SeeInvis .   j - +0 dagger (venom)
rCold    + . .     Faith    .   (no shield)
rNeg     . . .     Spirit   +   b - +0 robe
rPois    .         Reflect  .   (no helmet)
rElec    .         Harm     .   (no cloak)
rCorr    .         Rampage  .   (no gloves)
Will     .....                  (no boots)
Stlth    ++........             (no amulet)
HPRegen  0.06/turn              d - ring of protection from cold
MPRegen  0.09/turn              (no ring)

@: no status effects
A: fangs 2, magic shield, antimagic bite, no potion heal 2
a: no special abilities


You were on level 3 of the Dungeon.
You visited 1 branch of the dungeon, and saw 3 of its levels.

You collected 104 gold pieces.

Inventory:

Hand Weapons
 a - a +0 short sword
 j - a +0 dagger of venom (weapon)
Armour
 b - a +0 robe (worn)
Jewellery
 d - a ring of protection from cold (left hand)
 h - an amulet of faith
Wands
 k - a wand of iceblast (11)
Scrolls
 c - a scroll of immolation {unknown}
 e - a scroll of enchant weapon {unknown}
 m - a scroll of teleportation {unknown}
 n - a scroll of noise {unknown}
Potions
 f - 2 potions of invisibility {unknown}
 g - a potion of lignification {unknown}
 i - a potion of resistance {unknown}
 l - a potion of curing {unknown}


   Skills:
 + Level 3.1 Fighting
 + Level 3.2 Short Blades
 + Level 2.7 Dodging
 + Level 3.2 Stealth


You had 2 spell levels left.
You didn't know any spells.
Your spell library was empty.

Dungeon Overview and Level Annotations

Branches:
Dungeon (3/15)

Altars:


Innate Abilities, Weirdness & Mutations

You have extremely sharp teeth.
When hurt, damage is shared between your health and your magic reserves.
Your bite disrupts and absorbs the magic of your enemies.
Potions cannot restore your health.


Message History

No target in view!
No target in view!
No target in view!
No target in view!
A black bear is nearby!
You closely miss the black bear.
The black bear growls angrily.
Your bite misses the black bear. The black bear misses you. x2
The black bear closely misses you.
You closely miss the black bear. The black bear closely misses you.
The black bear barely misses you. The black bear claws you.
You hit the black bear.
The black bear is poisoned.
Your bite misses the black bear.
The black bear is lightly wounded.
The black bear bites you. The black bear barely misses you.
The black bear misses you.
You hit the black bear.
The black bear looks as sick as possible!
You bite the black bear. You drain its power.
The black bear is moderately wounded.
The black bear closely misses you. The black bear claws you.
The black bear misses you.
You barely miss the black bear.
The black bear is moderately wounded.
The black bear bites you. The black bear claws you. x2
You are too injured to fight recklessly!
You are too injured to fight recklessly!
The black bear goes berserk!
You see here 21 sling bullets.
Found a scroll labelled VEBLEE BYSU and a sapphire potion.
Found 7 gold pieces.
You hit the black bear.
The black bear is almost dead.
The black bear bites you!
* * * LOW HITPOINT WARNING * * *
The black bear closely misses you. x2
The black bear bites you.
* * * LOW HITPOINT WARNING * * *
The black bear claws you.
You die...

#. #. #. ######## #!
#......# #.#####
#.####.### ##.#.... #.#
#.... ##....#
#)##.######## ##?..@.#
#.......####
###....h.###..........#
.............##.##.##.#
##...$#.#.#####.##.##.#
.....##.#.## #.##.##.#
##..#....(.####.##.##.#
#.###................#
#..#........#..##.##.#
# #.........#.###.##.#


You could see a black bear (berserk, very poisoned).

Vanquished Creatures
  An adder (D:2)
  2 dart slugs (D:1)
  4 endoplasms
  3 giant cockroaches
  2 goblins (D:2)
  2 hobgoblins (D:1)
  5 jackals (D:1)
  4 bats
  5 frilled lizards
  4 kobolds
  6 rats
38 creatures vanquished.

Vanquished Creatures (others)
  2 fungi (D:3)
2 creatures vanquished.

Grand Total: 40 creatures vanquished

Notes
Turn   | Place    | Note
-------+----------+-------------------------------------------
     0 | D:1      | coolguy69 the Vine Stalker Monk began the quest for the
                  | Orb.
     0 | D:1      | Reached XP level 1. HP: 11/11 MP: 2/2
   186 | D:1      | Reached XP level 2. HP: 10/16 MP: 1/3
   624 | D:1      | Found a faded altar of an unknown god.
   887 | D:1      | Reached XP level 3. HP: 16/20 MP: 4/4
  2374 | D:3      | Noticed a black bear
  2400 | D:3      | Slain by a black bear

Illustrated notes

Levels and vault maps discovered:
D:1:      lightli_arrival_quake, layout_basic, shapermc_ecumenical_altar_gd
D:2:      layout_basic, serial_park_tiny_2
D:3:      layout_loops_ring, uniq_crazy_yiuf_cottage, uniq_ijyb

Skill      XL: |  1  2  3 |
---------------+----------+-----
Fighting       | 3 |  3.1
Short Blades   | 3 |  3.2
Stealth        | 3 |  3.2
Dodging        | |  2.7

Action                   || total
-------------------------++-------
Melee: Short sword       ||    76
       Bite              ||    24
       Dagger            ||    16
 Stab: Sleeping          ||    12
Armor: Robe              ||    16
Dodge: Dodged            ||    63

Table legend: (Time is in decaauts)
 A = Elapsed time spent in this place.
 B = Non-inter-level travel time spent in this place.
 C = Inter-level travel time spent in this place.
 D = Time resting spent in this place.
 E = Time spent auto-exploring this place.
 F = Levels seen in this place.
 G = Mean time per level.
                   A        B        C        D        E       F      G
               +--------+--------+--------+--------+--------+-----+--------+
         Total |   2392 |   2304 |     88 |    432 |   1597 |   3 |  797.3 |
       Dungeon |   2392 |   2304 |     88 |    432 |   1597 |   3 |  797.3 |
               +--------+--------+--------+--------+--------+-----+--------+

Top non-repeatable levels by time:
     D:1: 1153 daAuts
     D:2: 1140 daAuts
     D:3: 97 daAuts
